BSA
POCATELLO BOCCABELLAS @ PORTLAND PHILOSPHER KINGS
08/21/2024
 
TOP OF THE 1ST
Pocatello Boccabellas batting - Pitching for Portland Philospher Kings : RHP Yong-hoon Park
Pitching: RHP Yong-hoon Park
Batting: RHB José Delgado 0-0: Ground out 6-3 (Groundball, 6MD)
Batting: RHB Marlon Phipps 0-0: Ball
1-0: DOUBLE (Flyball, 9LD)
Batting: LHB Juan Cortés 0-0: Foul Ball, location: 2F
0-1: Called Strike
0-2: Ground out 4-3 (Groundball, 4)
Marlon Phipps to third
Batting: RHB Francisco Sandoval 0-0: Ball
1-0: Ball
2-0: Ball
3-0: Called Strike
3-1: Foul Ball, location: 2F
3-2: Base on Balls
Batting: LHB Norberto Muńóz 0-0: Ball
1-0: Foul Ball, location: 2F
1-1: Ball
2-1: Swinging Strike
2-2: SINGLE (Groundball, 4MD)
Marlon Phipps scores
Francisco Sandoval to second
Batting: RHB Sugita Ito 0-0: Swinging Strike
0-1: Foul Ball, location: 2F
0-2: Strikes out swinging
Top of the 1st over - 1 run(s), 2 hit(s), 0 error(s), 2 left on base; Pocatello 1 - Portland 0
BOTTOM OF THE 1ST
Portland Philospher Kings batting - Pitching for Pocatello Boccabellas : RHP Manny Benavides
Pitching: RHP Manny Benavides
Batting: LHB Keith Beard 0-0: Called Strike
0-1: Ball
1-1: SINGLE (Groundball, 6MD)
Batting: LHB Jeff Daniels 0-0: Ball
1-0: Ball
2-0: Foul Ball, location: 2F
2-1: Called Strike
2-2: Ball
3-2: Base on Balls
Keith Beard to second
Batting: SHB José Alomar 0-0: Foul Ball, location: 2F
0-1: Ball
1-1: Ball
2-1: Fly out, F9 (Flyball, 9LD)
Runner from 2nd tags up, SAFE at 3rd, no throw
Batting: LHB Tom Blake 0-0: Ball
1-0: Ball
2-0: Foul Ball, location: 2F
2-1: Foul Ball, location: 2F
2-2: Foul Ball, location: 2F
2-2: Foul Ball, location: 2F
2-2: Foul Ball, location: 2F
2-2: DOUBLE (Line Drive, 3L)
Keith Beard scores
Jeff Daniels to third
Batting: LHB Paul Mullins 0-0: Ground out 2-3 (Groundball, 2L)
Batting: RHB Aaron Scott 0-0: Fly out, F8 (Flyball, 8RXD)
Bottom of the 1st over - 1 run(s), 2 hit(s), 0 error(s), 2 left on base; Pocatello 1 - Portland 1
TOP OF THE 2ND
Pocatello Boccabellas batting - Pitching for Portland Philospher Kings : RHP Yong-hoon Park
Batting: LHB David Monahan 0-0: Ball
1-0: Ball
2-0: Called Strike
2-1: Ball
3-1: Called Strike
3-2: Ground out 4-3 (Groundball, 34)
Batting: RHB Pete Harvey 0-0: Called Strike
0-1: Ground out 6-3 (Groundball, 6)
Batting: RHB Teddy Bates 0-0: Called Strike
0-1: Ball
1-1: Foul Ball, location: 2F
1-2: Ball
2-2: Strikes out swinging
Top of the 2nd over - 0 run(s), 0 hit(s), 0 error(s), 0 left on base; Pocatello 1 - Portland 1
BOTTOM OF THE 2ND
Portland Philospher Kings batting - Pitching for Pocatello Boccabellas : RHP Manny Benavides
Batting: LHB Bill Bertrand 0-0: Ground out 1-3 (Groundball, 23)
Batting: RHB Germán Rosales 0-0: Called Strike
0-1: Foul Ball, location: 2F
0-2: Ball
1-2: Fly out, F8 (Flyball, 89D)
Batting: RHB Dani Vázquez 0-0: Called Strike
0-1: Foul Ball, location: 2F
0-2: Ground out 4-3 (Groundball, 4)
Bottom of the 2nd over - 0 run(s), 0 hit(s), 0 error(s), 0 left on base; Pocatello 1 - Portland 1
TOP OF THE 3RD
Pocatello Boccabellas batting - Pitching for Portland Philospher Kings : RHP Yong-hoon Park
Batting: RHB José Delgado 0-0: Swinging Strike
0-1: Ball
1-1: Ball
2-1: Foul Ball, location: 2F
2-2: Foul Ball, location: 2F
2-2: Foul Ball, location: 2F
2-2: Ball
3-2: Base on Balls
Batting: RHB Marlon Phipps 0-0: Foul Ball, location: 2F
0-1: Called Strike
0-2: Ball
1-2: SINGLE (Line Drive, 56)
José Delgado to second
Batting: LHB Juan Cortés 0-0: SINGLE (Line Drive, 9LS)
José Delgado to third
Marlon Phipps to second
Batting: RHB Francisco Sandoval 0-0: Ball
1-0: Grounds into fielders choice 1-2 (Groundball, 15S)
Marlon Phipps to third
Juan Cortés to second
Batting: LHB Norberto Muńóz 0-0: Called Strike
0-1: Called Strike
0-2: Fly out, F3 (Line Drive, 3S)
Batting: RHB Sugita Ito 0-0: Called Strike
0-1: Swinging Strike
0-2: Ball
1-2: Strikes out swinging
Top of the 3rd over - 0 run(s), 2 hit(s), 0 error(s), 3 left on base; Pocatello 1 - Portland 1
BOTTOM OF THE 3RD
Portland Philospher Kings batting - Pitching for Pocatello Boccabellas : RHP Manny Benavides
Batting: LHB Keith Beard 0-0: Ball
1-0: Called Strike
1-1: Ball
2-1: Foul Ball, location: 2F
2-2: Ball
3-2: Base on Balls
Batting: LHB Jeff Daniels 0-0: Called Strike
Keith Beard steals 2nd base
0-1: Ball
1-1: Foul Ball, location: 2F
1-2: SINGLE (Line Drive, 34D)
Keith Beard to third
Runner from 3rd tries for Home, SAFE, no throw or cutoff
Batting: SHB José Alomar 0-0: Ball
1-0: Foul Ball, location: 2F
1-1: Ball
2-1: Foul Ball, location: 2F
2-2: Ball
3-2: Grounds into double play, 4-6-3 (Groundball, 4)
Batting: LHB Tom Blake 0-0: Ground out 6-3 (Groundball, 6)
Bottom of the 3rd over - 1 run(s), 1 hit(s), 0 error(s), 0 left on base; Pocatello 1 - Portland 2
TOP OF THE 4TH
Pocatello Boccabellas batting - Pitching for Portland Philospher Kings : RHP Yong-hoon Park
Batting: LHB David Monahan 0-0: Ball
1-0: Swinging Strike
1-1: Foul Ball, location: 2F
1-2: Strikes out swinging
Batting: RHB Pete Harvey 0-0: Ball
1-0: Foul Ball, location: 2F
1-1: Ground out 5-3 (Groundball, 56)
Batting: RHB Teddy Bates 0-0: Ball
1-0: Swinging Strike
1-1: Foul Ball, location: 2F
1-2: Fly out, F9 (Flyball, 9D)
Top of the 4th over - 0 run(s), 0 hit(s), 0 error(s), 0 left on base; Pocatello 1 - Portland 2
BOTTOM OF THE 4TH
Portland Philospher Kings batting - Pitching for Pocatello Boccabellas : RHP Manny Benavides
Batting: LHB Paul Mullins 0-0: Ball
1-0: Called Strike
1-1: Ball
2-1: Called Strike
2-2: Ball
3-2: Foul Ball, location: 2F
3-2: Reached on Error, E4 (Popup, 4)
Batting: RHB Aaron Scott 0-0: SINGLE (Line Drive, 8LS)
Paul Mullins to second
Batting: LHB Bill Bertrand 0-0: Foul Ball, location: 2F
0-1: Ball
1-1: Foul Ball, location: 2F
1-2: Foul Ball, location: 2F
1-2: SINGLE (Line Drive, 89M)
Paul Mullins to third
Aaron Scott to second
Batting: RHB Germán Rosales 0-0: Ball
1-0: Fly out, F9 (Flyball, 9D)
Runner from 3rd tags up, SCORES, throw made
Aaron Scott to third
Batting: RHB Dani Vázquez 0-0: Fly out, F9 (Flyball, 9LS)
Batting: LHB Keith Beard 0-0: SINGLE (Groundball, 4MD)
Aaron Scott scores
Bill Bertrand to second
Runner from 2nd tries for 3rd, SAFE, throw made to third
Batting: LHB Jeff Daniels 0-0: Swinging Strike
0-1: Foul Ball, location: 2F
0-2: Foul Ball, location: 2F
0-2: Ball
1-2: DOUBLE (Line Drive, 7LD)
Bill Bertrand scores
Keith Beard to third
Runner from 3rd tries for Home, SAFE, no throw or cutoff
Batting: SHB José Alomar 0-0: Called Strike
0-1: Ball
1-1: Swinging Strike
1-2: Foul Ball, location: 2F
1-2: Foul Ball, location: 2F
1-2: Ground out 4-3 (Groundball, 4M)
Bottom of the 4th over - 4 run(s), 4 hit(s), 1 error(s), 1 left on base; Pocatello 1 - Portland 6
TOP OF THE 5TH
Pocatello Boccabellas batting - Pitching for Portland Philospher Kings : RHP Yong-hoon Park
Batting: RHB José Delgado 0-0: Ball
1-0: Ground out 1-3 (Groundball, 23)
Batting: RHB Marlon Phipps 0-0: Ball
1-0: Ground out 5-3 (Groundball, 56S)
Batting: LHB Juan Cortés 0-0: Called Strike
0-1: Called Strike
0-2: Ball
1-2: Ball
2-2: Foul Ball, location: 2F
2-2: Ground out 6-3 (Groundball, 6M)
Top of the 5th over - 0 run(s), 0 hit(s), 0 error(s), 0 left on base; Pocatello 1 - Portland 6
BOTTOM OF THE 5TH
Portland Philospher Kings batting - Pitching for Pocatello Boccabellas : RHP Manny Benavides
Batting: LHB Tom Blake 0-0: SINGLE (Line Drive, 8RS)
Batting: LHB Paul Mullins 0-0: SINGLE (Groundball, 56D)
Tom Blake to second
Batting: RHB Aaron Scott 0-0: Foul Ball, location: 2F
0-1: Swinging Strike
0-2: Foul Ball, location: 2F
0-2: Strikes out swinging
Batting: LHB Bill Bertrand 0-0: Ball
1-0: Foul Ball, location: 2F
1-1: Swinging Strike
1-2: Ball
2-2: Grounds into double play, 2-6-3 (Groundball, 2R)
Bottom of the 5th over - 0 run(s), 2 hit(s), 0 error(s), 1 left on base; Pocatello 1 - Portland 6
TOP OF THE 6TH
Pocatello Boccabellas batting - Pitching for Portland Philospher Kings : RHP Yong-hoon Park
Batting: RHB Francisco Sandoval 0-0: Ball
1-0: Ball
2-0: SINGLE (Groundball, 23) (infield hit)
Batting: LHB Norberto Muńóz 0-0: Called Strike
0-1: Fly out, F9 (Flyball, 89M)
Batting: RHB Sugita Ito 0-0: Ground out 5-3 (Groundball, 15S)
Francisco Sandoval to second
Batting: LHB David Monahan 0-0: Called Strike
0-1: Ball
1-1: Swinging Strike
1-2: Foul Ball, location: 2F
1-2: Ball
2-2: Foul Ball, location: 2F
2-2: Strikes out swinging
Top of the 6th over - 0 run(s), 1 hit(s), 0 error(s), 1 left on base; Pocatello 1 - Portland 6
BOTTOM OF THE 6TH
Portland Philospher Kings batting - Pitching for Pocatello Boccabellas : RHP Manny Benavides
Batting: RHB Germán Rosales 0-0: Ball
1-0: Swinging Strike
1-1: Ground out 5-3 (Groundball, 5L)
Batting: RHB Dani Vázquez 0-0: Called Strike
0-1: Foul Ball, location: 2F
0-2: Foul Ball, location: 2F
0-2: Fly out, F6 (Popup, 5D)
Batting: LHB Keith Beard 0-0: Swinging Strike
0-1: Ball
1-1: Ball
2-1: Ball
3-1: Base on Balls
Batting: LHB Jeff Daniels 0-0: Ball
1-0: Ground out U3 (Groundball, 3)
Bottom of the 6th over - 0 run(s), 0 hit(s), 0 error(s), 1 left on base; Pocatello 1 - Portland 6
TOP OF THE 7TH
Pocatello Boccabellas batting - Pitching for Portland Philospher Kings : RHP Yong-hoon Park
Pitching: LHP Yu-shu Kong
Batting: RHB Pete Harvey 0-0: Foul Ball, location: 2F
0-1: Ball
1-1: Swinging Strike
1-2: Strikes out swinging
Batting: RHB Teddy Bates 0-0: Called Strike
0-1: Foul Ball, location: 2F
0-2: Ball
1-2: Ball
2-2: Ground out 6-3 (Groundball, 6)
Batting: RHB José Delgado 0-0: SINGLE (Groundball, 34)
Batting: RHB Marlon Phipps 0-0: Called Strike
0-1: Ball
1-1: SINGLE (Groundball, 56D)
José Delgado to second
Batting: LHB Juan Cortés 0-0: Called Strike
0-1: Ball
1-1: Swinging Strike
1-2: Fly out, F8 (Line Drive, 8LS)
Top of the 7th over - 0 run(s), 2 hit(s), 0 error(s), 2 left on base; Pocatello 1 - Portland 6
BOTTOM OF THE 7TH
Portland Philospher Kings batting - Pitching for Pocatello Boccabellas : RHP Manny Benavides
Pitching: RHP Jaime Espinoza
Batting: SHB José Alomar 0-0: Called Strike
0-1: Ball
1-1: Called Strike
1-2: Ball
2-2: Ball
3-2: Base on Balls
Batting: LHB Tom Blake 0-0: Called Strike
0-1: Ball
1-1: Foul Ball, location: 2F
1-2: DOUBLE (Line Drive, 78XD)
José Alomar to third
Batting: LHB Paul Mullins 0-0: Ball
1-0: Foul Ball, location: 2F
1-1: Swinging Strike
1-2: Strikes out swinging
Batting: RHB Aaron Scott 0-0: Ground out 4-3 (Groundball, 34)
José Alomar scores
Tom Blake to third
Batting: LHB Bill Bertrand 0-0: Ball
1-0: Ball
2-0: Ball
3-0: Foul Ball, location: 2F
3-1: Fly out, F2 (Popup, 2LF)
Bottom of the 7th over - 1 run(s), 1 hit(s), 0 error(s), 1 left on base; Pocatello 1 - Portland 7
TOP OF THE 8TH
Pocatello Boccabellas batting - Pitching for Portland Philospher Kings : LHP Yu-shu Kong
Batting: RHB Francisco Sandoval 0-0: Ball
1-0: Ground out 6-3 (Groundball, 6S)
Batting: LHB Norberto Muńóz 0-0: Swinging Strike
0-1: Called Strike
0-2: Strikes out swinging
Batting: RHB Sugita Ito 0-0: Called Strike
0-1: Foul Ball, location: 2F
0-2: Ball
1-2: Foul Ball, location: 2F
1-2: Ball
2-2: Strikes out looking
Top of the 8th over - 0 run(s), 0 hit(s), 0 error(s), 0 left on base; Pocatello 1 - Portland 7
BOTTOM OF THE 8TH
Portland Philospher Kings batting - Pitching for Pocatello Boccabellas : RHP Jaime Espinoza
Batting: RHB Germán Rosales 0-0: Ball
1-0: Ball
2-0: Foul Ball, location: 2F
2-1: Ball
3-1: Base on Balls
Batting: RHB Dani Vázquez 0-0: Foul Ball, location: 2F
0-1: Ball
1-1: Sac Bunt - play at second, runner OUT! 1-6
Batting: LHB Keith Beard 0-0: Ball
1-0: Grounds into double play, 4-6-3 (Groundball, 4)
Bottom of the 8th over - 0 run(s), 0 hit(s), 0 error(s), 0 left on base; Pocatello 1 - Portland 7
TOP OF THE 9TH
Pocatello Boccabellas batting - Pitching for Portland Philospher Kings : LHP Yu-shu Kong
Batting: LHB David Monahan 0-0: Ball
1-0: Called Strike
1-1: Foul Ball, location: 2F
1-2: Fly out, F8 (Flyball, 8RXD)
Batting: RHB Pete Harvey 0-0: Ball
1-0: Ball
2-0: SINGLE (Groundball, 56)
Batting: RHB Teddy Bates 0-0: Called Strike
0-1: Ball
1-1: Ball
2-1: Swinging Strike
2-2: Grounds into double play, 4-6-3 (Groundball, 4)
Top of the 9th over - 0 run(s), 1 hit(s), 0 error(s), 0 left on base; Pocatello 1 - Portland 7
This league is powered by Out of the Park Baseball, the baseball management simulation game for PC, Mac and Linux
Saturday, April 9th, 2016 - OOTP Baseball 16.8 Build 38